 Dungeon Crawl Stone Soup version 0.31-a0-83-gbff143cfd1 (webtiles) character file.

Game seed: 10135017296504191361

2839 garrulousMonolith the Cudgeller (level 9, 0/56 HPs)
             Began as a Gargoyle Fighter on May 25, 2023.
             Slain by a killer bee (4 damage)
             ... on level 7 of the Dungeon.
             The game lasted 00:08:19 (6339 turns).

garrulousMonolith the Cudgeller (Gargoyle Fighter)  Turns: 6339, Time: 00:08:20

Health: 0/56       AC: 18    Str: 23    XL:     9   Next: 74%
Magic:  13/13      EV: 10    Int: 10    God:
Gold:   452        SH:  5    Dex:  9    Spells: 8/8 levels left

rFire   + . .        f - +2 morningstar (venom)
rCold   . . .        c - +0 buckler
rNeg    + . .        k - +2 ring mail {rF+}
rPois   ∞            e - +0 helmet
rElec   +            (no cloak)
rCorr   .            r - +0 pair of gloves
SInv    .            B - +0 pair of boots
Will    .....        (no amulet) Stlth
                     (no ring)
HPRegen 0.29/turn    (no ring)
MPRegen 0.13/turn

%: no passive effects
@: mighty
A: sickness immunity, AC +6, negative energy resistance 1, electricity
resistance, torment resistance 1, petrification resistance
a: no special abilities


You were on level 7 of the Dungeon.
You visited 1 branch of the dungeon, and saw 7 of its levels.

You collected 452 gold pieces.

Inventory:

Hand Weapons
 b - a +1 whip of venom
 f - a +2 morningstar of venom (weapon)
Missiles
 s - 11 poisoned darts (quivered)
 z - 2 javelins
Armour
 c - a +0 buckler (worn)
 e - a +0 helmet (worn)
 k - a +2 ring mail of fire resistance (worn)
 r - a +0 pair of gloves (worn)
 B - a +0 pair of boots (worn)
Scrolls
 d - 2 scrolls of fear {unknown}
 j - 2 scrolls of fog
 t - 3 scrolls of teleportation
 C - a scroll of enchant armour {unknown}
Potions
 i - 2 potions of lignification
 n - a potion of enlightenment {unknown}
 q - a potion of mutation {unknown}
 u - 2 potions of attraction {unknown}
 A - a potion of heal wounds {unknown}


   Skills:
 + Level 6.7 Fighting
 * Level 7.9 Maces & Flails
 + Level 6.7 Armour
 + Level 6.6 Shields
 + Level 5.5 Invocations


You had 8 spell levels left.
You didn't know any spells.
Your spell library was empty.

Dungeon Overview and Level Annotations

Branches:
Dungeon (7/15)
 Temple: D:4-7

Altars:
Elyvilon
Kikubaaqudgha


Innate Abilities, Weirdness & Mutations

You are immune to sickness and miasma.
Your stone body is resilient. (AC +6)
You are immune to poison.
You resist negative energy. (rN+)
You are resistant to electric shocks. (rElec)
You are resistant to unholy torment.
You are immune to petrification.


Message History

The killer bee barely misses you.
You closely miss the killer bee.
The killer bee is moderately wounded.
The killer bee closely misses you.
The killer bee stings you but does no damage. x3
You closely miss the killer bee.
The killer bee is severely wounded.
You block the killer bee's attack. The killer bee barely misses you.
The killer bee stings you. You block the killer bee's attack.
The killer bee stings you!
* * * LOW HITPOINT WARNING * * *
The killer bee closely misses you.
You completely miss the killer bee.
The killer bee is almost dead.
You kill the killer bee!
The killer bee barely misses you. The killer bee stings you.
* * * LOW HITPOINT WARNING * * *
The killer bee stings you.
* * * LOW HITPOINT WARNING * * *
Things that are here:
a killer bee corpse; a killer bee corpse The killer bee stings you but does no damage.
You feel better.
The killer bee stings you but does no damage.
The killer bee completely misses you.
You closely miss the killer bee. The killer bee closely misses you.
The killer bee stings you but does no damage.
You miss the killer bee. The killer bee stings you.
* * * LOW HITPOINT WARNING * * *
The killer bee stings you but does no damage. x2
You barely miss the killer bee.
The killer bee stings you but does no damage.
You block the killer bee's attack.
You aren't carrying any items that you can evoke.
You feel very mighty all of a sudden.
The killer bee stings you but does no damage.
The killer bee completely misses you.
You barely miss the killer bee. You block the killer bee's attack.
The killer bee stings you.
You die...

#.#### ))..# .# #.#.#
.# ..#.# ## ####.#
.##.# ... .....####
.##.# ..##.......#
....# .... ... ...##
#.##.# .#.# #@y..#
.#.# #.#### .#.#
#.#####.# .#.#
#.......# .#.#
#.####### ...# #.#
.### #########.#
.#######.........#####
.........########....#


You could see a killer bee.

Vanquished Creatures
  A two-headed ogre (D:6)
  A hornet (D:6)
  Eustachio (D:5)
  2 water moccasins
  A sky beast (D:6)
  An ogre (D:6)
  A centaur (D:6)
  A gnoll sergeant (D:4)
  7 scorpions
  A wight (D:7)
  5 killer bees (D:7)
  4 hounds
  A gnoll bouda (D:4)
  3 orc priests
  2 jellies (D:4)
  2 sleepcaps
  An iguana (D:6)
  An orc wizard (D:6)
  3 adders (D:4)
  14 gnolls
  A white imp (D:6)
  2 ufetubi
  2 worms
  2 dart slugs (D:1)
  14 orcs
  6 ball pythons
  5 bats
  11 endoplasms
  6 giant cockroaches
  4 goblins
  4 hobgoblins
  2 jackals (D:2)
  8 kobolds
  7 quokkas
  3 frilled lizards (D:1)
  5 rats
135 creatures vanquished.

Notes
Turn   | Place    | Note
-------+----------+-------------------------------------------
     0 | D:1      | garrulousMonolith the Gargoyle Fighter began the quest for
                  | the Orb.
     0 | D:1      | Reached XP level 1. HP: 14/14 MP: 1/1
   152 | D:1      | Reached XP level 2. HP: 19/19 MP: 2/2
   676 | D:1      | Reached XP level 3. HP: 23/23 MP: 3/3
   715 | D:1      | Reached skill level 1 in Invocations
  1639 | D:2      | Reached XP level 4. HP: 16/29 MP: 5/5
  1642 | D:2      | Reached skill level 3 in Maces & Flails
  2392 | D:3      | Found a faded altar of an unknown god.
  2407 | D:3      | Reached XP level 5. HP: 32/33 MP: 6/6
  2821 | D:4      | Reached XP level 6. HP: 32/38 MP: 7/7
  2848 | D:4      | Reached skill level 4 in Maces & Flails
  3218 | D:4      | Reached XP level 7. HP: 43/44 MP: 9/9
  3738 | D:5      | Entered Level 5 of the Dungeon
  3888 | D:5      | Reached skill level 5 in Maces & Flails
  4273 | D:5      | Noticed Eustachio
  4318 | D:5      | Killed Eustachio
  4319 | D:5      | Reached skill level 5 in Fighting
  4319 | D:5      | Reached skill level 5 in Armour
  4319 | D:5      | Reached skill level 5 in Shields
  4319 | D:5      | Reached XP level 8. HP: 25/49 MP: 10/10
  5197 | D:6      | Reached skill level 6 in Maces & Flails
  5577 | D:6      | Noticed a two-headed ogre
  5586 | D:6      | Killed a two-headed ogre
  5587 | D:6      | Reached skill level 7 in Maces & Flails
  5587 | D:6      | Reached XP level 9. HP: 55/55 MP: 12/12
  5596 | D:6      | Reached skill level 5 in Invocations
  5663 | D:6      | Noticed a hornet
  5674 | D:6      | Killed a hornet
  6181 | D:7      | Found a white marble altar of Elyvilon.
  6182 | D:7      | Found an ancient bone altar of Kikubaaqudgha.
  6332 | D:7      | HP: 1/56 [killer bee (6)]
  6339 | D:7      | Slain by a killer bee

Illustrated notes

Levels and vault maps discovered:
D:1:      ebering_trefoil_twist, layout_loops_corners
D:2:      layout_basic, grunt_ministairs_14, minmay_distorted
D:3:      layout_basic, shapermc_ecumenical_altar_totnotflames
D:4:      layout_loops_ring, kennysheep_small_circle
D:5:      layout_basic, uniq_eustachio
D:6:      layout_basic
D:7:      minmay_polygon_palace, layout_loops_cross,
          chequers_temple_overflow_statue_of_worship,
          minmay_temple_entry_gardened_gates, uniq_joseph, uniq_duvessa

Skill      XL: |  1  2  3  4  5  6  7  8  9 |
---------------+----------------------------+-----
Invocations    | 1 2 3 4 5 |  5.5
Maces & Flails | 3 4 5 7 |  7.9
Fighting       | 4 5 6 |  6.7
Armour         | 4 5 6 |  6.7
Shields        | 4 5 6 |  6.6

Action                     |  1- 3 |  4- 6 |  7- 9 || total
---------------------------+-------+-------+-------++-------
  Melee: Flail             |   172 |   150 |    72 ||   394
         Spear             |       |       |    65 ||    65
         Whip              |       |       |   122 ||   122
         Morningstar       |       |       |    32 ||    32
  Evoke: Wand              |       |     4 |    11 ||    15
    Use: Potion            |     1 |     1 |     3 ||     5
         Scroll            |       |     1 |    11 ||    12
 Armour: Scale mail        |    53 |       |       ||    53
         Ring mail         |    38 |    70 |   207 ||   315
  Dodge: Dodged            |    98 |    88 |   192 ||   378
  Block: Buckler           |    35 |    30 |    84 ||   149

Table legend: (Time is in decaauts)
 A = Elapsed time spent in this place.
 B = Non-inter-level travel time spent in this place.
 C = Inter-level travel time spent in this place.
 D = Time resting spent in this place.
 E = Time spent auto-exploring this place.
 F = Levels seen in this place.
 G = Mean time per level.
                   A        B        C        D        E       F      G
               +--------+--------+--------+--------+--------+-----+--------+
         Total |   6430 |   6002 |    428 |    886 |   3879 |   7 |  918.6 |
       Dungeon |   6430 |   6002 |    428 |    886 |   3879 |   7 |  918.6 |
               +--------+--------+--------+--------+--------+-----+--------+

Top non-repeatable levels by time:
     D:5: 1232 daAuts
     D:4: 1161 daAuts
     D:2: 1053 daAuts
     D:6: 1015 daAuts
     D:1: 1000 daAuts
     D:3: 615 daAuts
     D:7: 352 daAuts
